 Dungeon Crawl Stone Soup version 0.28.0-1-gb440e238dd (webtiles) character file.

Game seed: 9574391484757738853

46 belegose the Skirmisher (level 3, -2/33 HPs)
             Began as a Hill Orc Abyssal Knight on Feb 23, 2022.
             Was a Follower of Lugonu.
             Slain by an adder (3 damage)
             ... on level 2 of the Dungeon.
             The game lasted 00:03:38 (1715 turns).

belegose the Skirmisher (Hill Orc Abyssal Knight)   Turns: 1715, Time: 00:03:39

Health: -2/33      AC:  6    Str: 17    XL:     3   Next: 66%
Magic:  5/5        EV:  9    Int: 10    God:    Lugonu [*.....]
Gold:   71         SH:  0    Dex: 11    Spells: 2/2 levels left

rFire   . . .      SeeInvis .   a - +1 mace
rCold   . . .      Faith    .   (no shield)
rNeg    . . .      Spirit   .   c - +0 scale mail
rPois   .          Reflect  .   (no helmet)
rElec   .          Harm     .   (no cloak)
rCorr   .          Rampage  .   (no gloves)
Will    .....                   (no boots)
Stlth   ..........              (no amulet)
HPRegen 0.11/turn               (no ring)
MPRegen 0.09/turn               (no ring)

@: lethally poisoned (-2 -> -11)
A: no striking features
a: Renounce Religion, Depart the Abyss


You were on level 2 of the Dungeon.
You worshipped Lugonu.
Lugonu was aware of your devotion.
You visited 1 branch of the dungeon, and saw 2 of its levels.
You visited the Abyss 1 time.

You collected 103 gold pieces.
You spent 32 gold pieces at shops.

Inventory:

Hand Weapons
 a - a +1 mace (weapon)
 l - a +4 rapier
Missiles
 d - 39 stones (quivered)
 n - 6 boomerangs
Armour
 c - a +0 scale mail (worn)
Jewellery
 h - a ring of fire
Wands
 k - a wand of paralysis (4)
Scrolls
 f - a scroll of blinking {unknown}
 j - a scroll of amnesia {unknown}
 m - a scroll of teleportation {unknown}
Potions
 b - a potion of flight
 g - 3 potions of curing
 i - a potion of brilliance
 o - a potion of resistance


   Skills:
 + Level 4.1 Fighting
 + Level 2.9 Maces & Flails
 + Level 0.0 Throwing
 + Level 2.8 Armour
 - Level 0.7 Dodging
 + Level 3.1 Invocations
 + Level 0.0 Evocations


You had 2 spell levels left.
You didn't know any spells.
Your spell library contained the following spells:

 Spells                   Type           Power      Damage    Failure   Level
 Sandblast                Erth           0%         2d4       77%         1
 Passwall                 Tmut/Erth      0%         N/A       88%         2
 Stone Arrow              Conj/Erth      0%         3d7       98%         3


Dungeon Overview and Level Annotations

Branches:
Dungeon (2/15)

Altars:

Shops:
D:2 **!:

Annotations:
D:2 Jessica


Message History

Found a grey potion.
Found a stone staircase leading down.
Jessica shouts!
The adder hisses angrily.
Jessica shouts, "I don't like beings like you!"
Jessica zaps a wand.
The puff of flame hits you.
Okay, then.
You closely miss Jessica. Jessica gestures at you while chanting.
You resist with some effort.
Jessica hits you with a +2 dagger of venom.
You hit Jessica. Your punch misses Jessica.
Jessica is heavily wounded.
Jessica hits you with a +2 dagger of venom.
You closely miss Jessica.
Jessica is heavily wounded.
Jessica hits you with a +2 dagger of venom.
You are poisoned.
You hit Jessica.
Jessica is almost dead.
You feel very sick. Jessica closely misses you.
You barely miss Jessica.
Jessica is almost dead.
You feel sick. Jessica closely misses you.
Jessica mumbles something strange.
Jessica casts a spell.
Jessica blinks!
You miss the adder.
You feel sick. The adder bites you.
Jessica hits you with a +2 dagger of venom.
You are lethally poisoned!
Unknown command.
You closely miss Jessica.
Jessica is almost dead.
* * * LOW HITPOINT WARNING * * *
You feel very sick. The adder barely misses you.
Jessica says, "I'm really upset."
Jessica zaps a wand.
The puff of flame hits you.
* * * LOW HITPOINT WARNING * * *
The adder bites you.
You die...

#.##..# ##### #..............
#.##..###...# #####.####.####
#.##........# #.# ### #
#.##.####...# #.# #.##.#
##.## #8# #.# #.########<####
#.# #.......8.∩.8.#
#.##.###########..#.##.######
#.)........@@S.##..8##.......
####......####.##...#####.###
######.# .##.### #.# #.#
.##.# #.# #.# @##.# #.# #.#
S##.# #.# #.# >##.# #.# #.#
#.##.#######.# #.#
#..).........###


You could see an adder and Jessica.

Vanquished Creatures
  An adder (D:2)
  3 dart slugs (D:1)
  3 ball pythons
  2 endoplasms
  A giant cockroach (D:1)
  4 hobgoblins
  2 quokkas
  7 bats
  4 frilled lizards
  A kobold (D:1)
  2 rats
30 creatures vanquished.

Notes
Turn   | Place    | Note
-------+----------+-------------------------------------------
     0 | Abyss:1  | belegose the Hill Orc Abyssal Knight began the quest for
                  | the Orb.
     0 | Abyss:1  | Reached XP level 1. HP: 19/19 MP: 2/2
    81 | Abyss:1  | Noticed a large abomination
    83 | D:1      | Escaped the Abyss
   237 | D:1      | Reached XP level 2. HP: 27/27 MP: 4/4
   247 | D:1      | Reached * piety under Lugonu
   653 | D:1      | Reached skill level 4 in Fighting
   999 | D:2      | Reached XP level 3. HP: 33/33 MP: 5/5
  1289 | D:2      | Found Veug's Distillery.
  1289 | D:2      | Found Wecunguv's Book Shoppe.
  1299 | D:2      | Bought a potion of degeneration for 10 gold pieces
  1368 | D:2      | Found a faded altar of an unknown god.
  1519 | D:2      | Found Edurug's General Store.
  1576 | D:2      | Found Cojoq's Assorted Antiques.
  1666 | D:2      | Bought a scroll of identify for 22 gold pieces
  1704 | D:2      | Noticed Jessica
  1715 | D:2      | HP: 1/33 [Jessica/puff of flame (6)]
  1715 | D:2      | Slain by an adder

Illustrated notes

Levels and vault maps discovered:
D:1:      grunt_arrival_crossed_arrows, layout_loops_ring, minmay_octomino_c4
D:2:      layout_loops_ring, serial_shops, shop, shop, nicolae_shop_statue_plus,
          nicolae_shop_statue_plus, hellmonk_ecumenical_altar_blasted,
          minmay_fountain_box, uniq_jessica

Skill      XL: |  1  2 |
---------------+-------+-----
Fighting       | 4 |  4.1
Invocations    | 3 |  3.1
Maces & Flails | |  2.9
Armour         | |  2.8
Dodging        | |  0.7

Action                   || total
-------------------------++-------
Melee: Mace              ||    85
       Punch             ||     1
Throw: Stone             ||     4
Invok: Depart the Abyss  ||     1
  Use: Scroll            ||     4
Armor: Leather armour    ||    16
       Scale mail        ||    31
Dodge: Dodged            ||    45
